 Dungeon Crawl Stone Soup version 0.24-a0-170-gd8427f5 (webtiles) character file.

Game seed: 707128684151487914

4 Borgoz the Cudgeler (level 1, 0/12 HPs)
             Began as a Gargoyle Gladiator on Mar 8, 2019.
             Slain by a hobgoblin
             ... wielding a +0 club
              (2 damage)
             ... on level 1 of the Dungeon.
             The game lasted 00:00:26 (132 turns).

Borgoz the Cudgeler (Gargoyle Gladiator)             Turns: 132, Time: 00:00:26

Health: 0/12       AC:  6    Str: 17    XL:     1   Next: 60%
Magic:  1/1        EV: 12    Int:  8    God:
Gold:   0          SH:  0    Dex: 11    Spells: 0/0 levels left

rFire    . . .     SeeInvis .   a - +0 flail
rCold    . . .     Gourm    .   (no shield)
rNeg     + . .     Faith    .   b - +0 leather armour
rPois    ∞         Spirit   .   c - +0 helmet
rElec    +         Reflect  .   (no cloak)
rCorr    .         Harm     .   (no gloves)
MR       .....                  (no boots)
Stlth    +.........             (no amulet)
HPRegen  0.04/turn              (no ring)
MPRegen  0.07/turn              (no ring)

@: no status effects
A: negative energy resistance 1, electricity resistance, unbreathing,
petrification resistance, rot immunity, AC +2
a: no special abilities


You were on level 1 of the Dungeon.
You were not hungry.

You visited 1 branch of the dungeon, and saw 1 of its levels.

Inventory:

Hand Weapons
 a - a +0 flail (weapon)
Missiles
 d - 3 throwing nets (quivered)
Armour
 b - a +0 leather armour (worn)
 c - a +0 helmet (worn)
Comestibles
 f - a ration


   Skills:
 + Level 2.3 Fighting
 + Level 3.0 Maces & Flails
 - Level 1.7 Throwing
 + Level 0.3 Armour
 + Level 2.4 Dodging


You couldn't memorise any spells.
You didn't know any spells.
Your spell library was empty.

Dungeon Overview and Level Annotations

Branches:
Dungeon (1/15)

Altars:


Innate Abilities, Weirdness & Mutations

You are resistant to torment.
Your stone body is resilient. (AC +2)
You are immune to poison.
You resist negative energy. (rN+)
You are resistant to electric shocks. (rElec)
You can survive without breathing.
You are immune to petrification.
You are immune to rotting.


Message History

You closely miss the hobgoblin.
The hobgoblin hits you but does no damage. x2
You closely miss the hobgoblin. The hobgoblin barely misses you.
The hobgoblin closely misses you.
You barely miss the hobgoblin. The hobgoblin hits you with a +0 club.
* * * LOW HITPOINT WARNING * * *
You barely miss the hobgoblin. The hobgoblin barely misses you. x2
You hit the hobgoblin but do no damage.
The hobgoblin hits you but does no damage. x2
You barely miss the hobgoblin. The hobgoblin closely misses you.
The hobgoblin hits you with a +0 club.
* * * LOW HITPOINT WARNING * * *
The hobgoblin completely misses you.
The hobgoblin is no longer moving quickly.
You see here 7 stones.
You closely miss the hobgoblin. The hobgoblin closely misses you.
You closely miss the hobgoblin. The hobgoblin closely misses you.
You closely miss the hobgoblin. The hobgoblin barely misses you.
You closely miss the hobgoblin. The hobgoblin hits you with a +0 club.
You die...

..............#..#
..#.##......####.+
........†.....#..#
..#.##..#)#.8....#
#.#.##..#.#....#'###
.......(#.###..#...#
........#......#..<#
#.#.###.############
# #. #....g@.......
...................
##.###..####.######
#..# .# #..# .# ....
.# ##..# ## ...#


You could see a hobgoblin.

Vanquished Creatures
  A goblin (D:1)
  A bat (D:1)
  2 kobolds (D:1)
4 creatures vanquished.

Notes
Turn   | Place    | Note
-------+----------+-------------------------------------------
     0 | D:1      | Borgoz the Gargoyle Gladiator began the quest for the Orb.
     0 | D:1      | Reached XP level 1. HP: 12/12 MP: 1/1
   132 | D:1      | Slain by a hobgoblin

Levels and vault maps discovered:
D:1:      dpeg_arrival_court, layout_basic, minmay_quantized

Action                   || total
-------------------------++-------
Melee: Flail             ||    34
Armor: Leather armour    ||    25
Dodge: Dodged            ||    51

Table legend:
 A = Non-vault XP
 B = Vault XP
 C = Vault XP percentage of total XP
 D = Non-vault monster count
 E = Vault monster count
 F = Vault count percentage of total count
                 A         B        C        D         E       F
            +---------+---------+-------+---------+---------+-------
      Total |       6 |       0 |   0.0 |       4 |       0 |   0.0
            +---------+---------+-------+---------+---------+-------
        D:1 |       6 |       0 |   0.0 |       4 |       0 |   0.0
            +---------+---------+-------+---------+---------+-------
